 Dungeon Crawl Stone Soup version 0.30-a0-373-gd37427bb62 (webtiles) character file.

Game seed: 10375586336756900882

72 Shayle the Conjurer (level 4, -2/34 HPs)
             Began as a Demonspawn Reaver on Nov 24, 2022.
             Slain by a gnoll
             ... wielding a +0 spear
              (4 damage)
             ... on level 3 of the Dungeon.
             The game lasted 00:02:22 (2034 turns).

Shayle the Conjurer (Demonspawn Reaver)             Turns: 2034, Time: 00:02:22

Health: -2/34      AC:  3    Str: 12    XL:     4   Next: 7%
Magic:  7/7        EV: 11    Int: 17    God:
Gold:   154        SH:  0    Dex: 11    Spells: 6/7 levels left

rFire   . . .      SeeInvis .    a - +0 hand axe
rCold   . . .      Faith    .    (no shield)
rNeg    . . .      Spirit   .    b - +0 leather armour
rPois   .          Reflect  .    (no helmet)
rElec   .          Harm     .    (no cloak)
rCorr   .          Rampage  .    (no gloves)
Will    .....                    (no boots)
Stlth   +.........               (no amulet)
HPRegen 0.25/turn                (no ring)
MPRegen 0.10/turn                (no ring)

@: attractive
A: spiny 2
a: no special abilities


You were on level 3 of the Dungeon.
You visited 1 branch of the dungeon, and saw 3 of its levels.

You collected 154 gold pieces.

Inventory:

Hand Weapons
 a - a +0 hand axe (weapon)
Armour
 b - a +0 leather armour (worn)
Scrolls
 c - a scroll of poison {unknown}
 d - a scroll of identify {unknown}
 e - a scroll of noise {unknown}
 g - a scroll of vulnerability {unknown}


   Skills:
 + Level 2.6 Fighting
 + Level 3.1 Axes
 + Level 2.3 Dodging
 + Level 2.4 Spellcasting
 + Level 3.4 Conjurations


You had 6 spell levels left.
You knew the following spells:

 Your Spells              Type           Power      Damage    Failure   Level
a - Kiss of Death         Conj/Necr      32%        2d7       12%         1

Your spell library contained the following spells:

 Spells                   Type           Power      Damage    Failure   Level
 Momentum Strike          Conj/Tloc      16%        3d8       17%         2
 Freeze                   Ice            8%         1d3       24%         1
 Hailstorm                Conj/Ice       8%         3d4       34%         3
 Frozen Ramparts          Ice            4%         1d1       56%         3
 Ozocubu's Armour         Ice            2%         N/A       56%         3
 Ozocubu's Refrigeration  Ice            1%         4d7       100%        7


Dungeon Overview and Level Annotations

Branches:
Dungeon (3/15)

Altars:
Dithmenos
Ru


Innate Abilities, Weirdness & Mutations

You are mostly covered in sharp spines.


Message History

The gnoll is struck by your spines. The gnoll hits you with a +0 whip!
The gnoll attacks as you move away! The gnoll barely misses you.
The gnoll throws a throwing net.
The throwing net hits you.
You become entangled in the net!
You see here a throwing net.
You tear a large gash into the net.
The gnoll is struck by your spines.
You kill the gnoll!
You struggle against the net.
The gnoll closely misses you.
You shred the net and break free! The gnoll is struck by your spines.
The gnoll closely misses you. The gnoll attacks as you move away!
The gnoll closely misses you.
You hit the gnoll.
The gnoll is almost dead.
The gnoll hits you with a +0 flail!
You hit the gnoll but do no damage.
The gnoll is almost dead.
The gnoll is struck by your spines.
You kill the gnoll!
The gnoll hits you from afar with a +0 spear.
You have reached level 4!
You feel clever. The gnoll hits you with a +0 spear.
* * * LOW HITPOINT WARNING * * *
Things that are here:
a +0 flail; a gnoll corpse You barely miss the gnoll.
The gnoll is struck by your spines. The gnoll hits you with a +0 spear!
* * * LOW HITPOINT WARNING * * *
You hit the gnoll.
The gnoll is moderately wounded.
The gnoll hits you but does no damage.
It was a potion of attraction.
You feel attractive to monsters. The gnoll hits you but does no damage.
Okay, then.
You hit the gnoll but do no damage.
The gnoll is moderately wounded.
The gnoll is struck by your spines. The gnoll hits you with a +0 spear.
You die...

####. #.... #
.$.###.##..
#......... #)#
#.# #.#### #g##..
#@##.# #.##.#
#.##.#
#.##.##########..
#...............#
########.########
#.# #.# #.# #.#
#.#


You could see a gnoll.

Vanquished Creatures
  2 adders
  2 gnolls (D:3)
  A worm (D:2)
  3 orcs (D:3)
  2 endoplasms
  A giant cockroach (D:2)
  3 goblins
  5 hobgoblins
  4 kobolds
  A ball python (D:2)
  4 bats
  A rat (D:1)
29 creatures vanquished.

Vanquished Creatures (others)
  5 plants (D:2)
5 creatures vanquished.

Grand Total: 34 creatures vanquished

Notes
Turn   | Place    | Note
-------+----------+-------------------------------------------
     0 | D:1      | Shayle the Demonspawn Reaver began the quest for the Orb.
     0 | D:1      | Reached XP level 1. HP: 16/16 MP: 3/3
   541 | D:1      | Gained mutation: You are partially covered in sharp spines.
                  | [demonic ancestry]
   541 | D:1      | Reached XP level 2. HP: 20/22 MP: 5/5
  1104 | D:2      | Found a sacrificial altar of Ru.
  1361 | D:2      | Gained mutation: You are mostly covered in sharp spines.
                  | [demonic ancestry]
  1361 | D:2      | Reached XP level 3. HP: 22/28 MP: 6/6
  1853 | D:3      | Found a shadowy altar of Dithmenos.
  2030 | D:3      | Reached XP level 4. HP: 12/34 MP: 7/7
  2031 | D:3      | HP: 1/34 [gnoll/+0 spear (7)]
  2034 | D:3      | Slain by a gnoll

Illustrated notes

Levels and vault maps discovered:
D:1:      minmay_arrival_loop, layout_basic
D:2:      layout_basic, basic_altar, chequers_big_river
D:3:      layout_loops_ring, nicolae_dithmenos_the_darkroom,
          trog_three_pillars_becter, nicolae_ecumenical_lake_church

Skill      XL: |  1  2  3 |
---------------+----------+-----
Dodging        | 2 |  2.3
Axes           | 3 |  3.1
Fighting       | |  2.6
Spellcasting   | |  2.4
Conjurations   | |  3.4

Action                   |  1- 3 |  4- 6 || total
-------------------------+-------+-------++-------
Melee: Hand axe          |    69 |     3 ||    72
       Punch             |     2 |       ||     2
  Use: Potion            |       |     1 ||     1
Armor: Leather armour    |    12 |     2 ||    14
Dodge: Dodged            |    47 |       ||    47

Table legend: (Time is in decaauts)
 A = Elapsed time spent in this place.
 B = Non-inter-level travel time spent in this place.
 C = Inter-level travel time spent in this place.
 D = Time resting spent in this place.
 E = Time spent auto-exploring this place.
 F = Levels seen in this place.
 G = Mean time per level.
                   A        B        C        D        E       F      G
               +--------+--------+--------+--------+--------+-----+--------+
         Total |   2053 |   1972 |     81 |    121 |   1556 |   3 |  684.3 |
       Dungeon |   2053 |   1972 |     81 |    121 |   1556 |   3 |  684.3 |
               +--------+--------+--------+--------+--------+-----+--------+

Top non-repeatable levels by time:
     D:2: 1020 daAuts
     D:1: 893 daAuts
     D:3: 139 daAuts
